Map: Last Fantasy LE

Players

RSCO

  • Race: Protoss Protoss
  • League: Grandmaster
  • Spawn Location: 3:00

Shmeeg - Winner!

  • Race: Terran Terran
  • League: Master
  • Spawn Location: 12:00

VOD

Have the link to the VOD?

Description

Time

  • Played on: June 2, 2025, 4 p.m.
  • Length: 8:26
Show
View Real Time Build Order
Export as new Build Order

RSCO Protoss 

Build Orders: 1 Gate Expand, Blink Stalkers 

Get SALT Encoding   

  12  0:00  Probe  
  13  0:12  Probe  
  14  0:18  Pylon  
  14  0:23  Probe  
  15  0:32  Probe  
  15  0:39  Gateway  
  15  0:40  Probe  
  16  0:48  Assimilator  
  17  0:52  Probe  
  18  1:04  Probe  
  19  1:16  Probe  
  20  1:27  Nexus  
  20  1:37  Cybernetics Core  
  20  1:40  Probe  
  21  1:48  Pylon  
  21  1:53  Probe  
  22  1:55  Assimilator  
  22  2:02  Stalker  
  23  2:16  Warp Gate  
  23  2:18  Probe  
  23  2:20  Shield Battery, Stalker  
  24  2:30  Probe  
  27  2:39  Probe  
  27  2:43  Stalker  
  28  2:44  Twilight Council  
  28  2:49  Probe  
  31  3:01  Blink  
  31  3:06  Pylon  
  31  3:15  Gateway  
  27  3:53  Gateway  
  27  3:54  Probe  
  27  3:57  Probe  
  29  4:04  Stalker  
  29  4:08  Pylon  
  31  4:10  Stalker  
  31  4:12  Probe x2  
  35  4:24  Probe  
  36  4:25  Robotics Facility  
  36  4:29  Probe  
  37  4:36  Probe  
  38  4:41  Stalker  
  38  4:42  Stalker  
  42  4:48  Stalker  
  42  4:50  Probe  
  45  4:53  Probe  
  46  5:08  Pylon  
  46  5:11  Observer, Stalker x2  
  50  5:14  Stalker  
  50  5:19  Probe x2  
  55  5:31  Probe  
  56  5:37  Stalker x2  
  56  5:39  Stalker  
  63  5:42  Probe  
  63  5:43  Pylon  
  63  5:54  Probe  
  62  6:06  Gateway  
  62  6:09  Shield Battery, Stalker x2  
  62  6:10  Pylon, Zealot  
  68  6:25  Shield Battery  
  66  6:34  Stalker x2  
  66  6:37  Zealot  
  35  6:59  Stalker x3  
  40  7:12  Probe x2  
  42  7:16  Stalker  
  42  7:19  Observer  
  42  7:20  Probe x2  
  44  7:28  Probe x2  
  47  7:30  Stalker  
  47  7:32  Stalker  
  53  7:38  Probe  
  53  7:40  Stalker  
  53  7:43  Probe  
  57  7:46  Probe  
  58  7:55  Probe  
  59  7:59  Stalker  
  59  8:00  Stalker  
  59  8:02  Probe  
  46  8:22  Nexus  
Show
View Real Time Build Order
Export as new Build Order

Shmeeg Terran - Winner!

Build Orders:  

Get SALT Encoding   

  12  0:00  SCV  
  13  0:12  SCV  
  14  0:17  Supply Depot  
  14  0:24  SCV  
  15  0:39  SCV, Barracks  
  16  0:44  Refinery  
  16  0:51  SCV  
  17  1:02  Barracks  
  17  1:04  SCV  
  18  1:16  SCV  
  19  1:27  Reaper  
  19  1:29  Orbital Command  
  20  1:39  Supply Depot  
  20  1:49  Reaper  
  21  1:55  SCV  
  22  2:05  Reaper  
  22  2:07  SCV  
  24  2:19  SCV  
  24  2:22  Command Center  
  25  2:23  Reaper  
  25  2:29  Supply Depot  
  26  2:31  SCV  
  26  2:36  Refinery  
  27  2:37  Barracks Tech Lab  
  27  2:43  SCV  
  28  2:50  Barracks  
  28  2:56  Barracks Reactor  
  28  2:57  Marine  
  29  3:02  SCV  
  30  3:14  SCV  
  30  3:19  Factory  
  31  3:20  Marine  
  31  3:26  SCV  
  33  3:36  Marine x2  
  34  3:48  Marine  
  34  3:49  SCV, Stimpack  
  34  3:52  Barracks Tech Lab  
  34  3:54  Marine, Orbital Command  
  34  3:55  Marine  
  35  3:57  Bunker  
  35  4:01  SCV  
  36  4:03  Factory Tech Lab  
  36  4:06  Marine  
  37  4:11  Marine  
  37  4:12  Combat Shield  
  37  4:13  SCV  
  37  4:16  Marine x2  
  41  4:21  SCV  
  42  4:25  Siege Tank, SCV  
  46  4:31  Supply Depot  
  46  4:33  Marine  
  46  4:34  Marine  
  46  4:35  Marine  
  46  4:37  Marauder  
  51  4:40  SCV  
  51  4:41  SCV  
  51  4:44  Supply Depot  
  53  4:52  SCV  
  54  4:53  Marauder  
  54  4:54  Supply Depot, Marine  
  54  4:56  SCV  
  58  5:03  Marine  
  58  5:04  Engineering Bay  
  58  5:05  Marauder  
  61  5:07  SCV  
  61  5:12  Siege Tank  
  65  5:14  SCV  
  65  5:18  Supply Depot  
  65  5:19  Marine  
  67  5:23  Marauder  
  67  5:24  Marine  
  70  5:29  SCV  
  70  5:30  Refinery  
  70  5:31  Concussive Shells  
  70  5:34  Marine  
  72  5:37  Marine  
  72  5:42  Marine  
  73  5:45  SCV  
  73  5:46  SCV  
  75  5:56  Marine x3  
  78  5:57  Siege Tank  
  78  5:58  SCV  
  78  6:01  Supply Depot  
  82  6:06  Marine  
  83  6:12  Starport  
  83  6:14  Marine  
  83  6:16  SCV  
  83  6:17  Terran Infantry Weapons Level 1  
  84  6:20  Marine x2  
  84  6:24  Marine  
  80  6:35  Marine  
  80  6:38  Marauder  
  83  6:43  Marine  
  83  6:44  Marauder  
  75  6:48  Siege Tank  
  75  6:52  SCV x2  
  75  6:53  Marine  
  79  6:54  Medivac  
  79  6:59  Marine  
  79  7:01  Marine  
  78  7:04  Marine  
  78  7:08  SCV x2  
  78  7:12  Marine  
  78  7:15  Command Center, Missile Turret  
  70  7:17  Marauder  
  70  7:20  Marine, SCV  
  70  7:21  Siege Tank  
  76  7:26  Marine, Starport Reactor  
  77  7:36  Marine  
  78  7:37  SCV  
  78  7:42  Engineering Bay, Barracks  
  78  7:43  Marine, Barracks  
  80  7:44  Armory  
  80  7:47  Marine  
  81  7:53  Marine  
  81  7:55  Marine  
  81  7:57  Refinery  
  86  8:00  Supply Depot  
  86  8:01  Marine  
  87  8:07  Marine  
Tags
 
Add a new tag
Caveats
  • Supply blocks, unpowered buildings, or Contaminate may cause inaccurate times.
  • Supply counts are checked every 10 seconds.